AoeStats
← YurissOvo

Nomad

506368405Analyzed
4v4 RM · 20d ago on Sep 13, 2026· 46m 42s· 8 players
Game mode
Random Map
Map size
231×231
Population
200
Speed
Normal
Resources
Standard
Victory
Conquest
Starting age
Dark Age
Ending age
Imperial Age
RankedLock teamsTeams togetherTeam positionsShared explorationLock speedFull tech treeHidden civsTurbo modeCheats
Victory
Defeat
🇮🇳 Goths · India
1080
+16
🇨🇳 Dravidians · China
1080
+16
🇵🇱 Armenians · Poland
1074
+16
🇩🇪 Huns · Germany
1040
+17
🇹🇼 Armenians · Taiwan
1080
-17
🇨🇳 Magyars · China
1078
-16
🇨🇳 Franks · China
1078
-16
🇨🇳 Franks · China
1058
-16
Ken
4:34 Loom
16:03 Feudal Age
21:53 Castle Age
21:19 Double-Bit Axe
22:43 Gold Mining
23:10 Husbandry
24:56 Scale Barding Armor
27:24 Wheelbarrow
29:14 Forging
31:18 Chain Barding Armor
32:48 Iron Casting
33:20 Gold Shaft Mining
37:04 Imperial Age
37:06 Cavalier
43:20 Chemistry
42:41 Ballistics
42:16 Murder Holes
43:39 Conscription
45:30 Bow Saw
歌岸似僧
6:44 Loom
13:18 Feudal Age
14:28 Double-Bit Axe
14:31 Man-at-Arms
14:58 Arson
15:56 Horse Collar
17:48 Scale Mail Armor
18:14 Forging
17:59 Long Swordsman
19:02 Gold Mining
38:59 Castle Age
41:30 Elite Skirmisher
YurissOvo
3:47 Loom
14:34 Feudal Age
20:32 Castle Age
19:21 Gold Mining
19:14 Horse Collar
21:28 Medium Warships
27:12 Wheelbarrow
29:29 Hand Cart
29:56 Fishing Lines
34:08 Gillnets
38:12 Heavy Plow
41:23 Imperial Age
39:16 Ballistics
38:37 Treadmill Crane
38:52 Murder Holes
39:08 Masonry
38:56 Fletching
39:06 Padded Archer Armor
40:34 Gold Shaft Mining
39:49 Stone Mining
39:48 Arson
39:23 Pikeman
41:02 Town Watch
41:31 Thumb Ring
42:42 Parthian Tactics
41:37 Heavy Cavalry Archer
42:13 Double-Bit Axe
44:15 Leather Archer Armor
43:55 Bodkin Arrow
44:07 Scale Barding Armor
44:37 Bow Saw
45:34 Chemistry
44:36 Scale Mail Armor
45:16 Elite Skirmisher
46:23 Bracer
2457184173
4:06 Loom
14:07 Feudal Age
16:09 Double-Bit Axe
27:21 Castle Age
30:39 Bow Saw
35:23 Wheelbarrow
37:52 Gold Mining
38:15 Fletching
44:11 Imperial Age
41:48 Elite Skirmisher
42:27 Bodkin Arrow
42:33 Padded Archer Armor
46:30 Leather Archer Armor
MrPR77660
15:14 Feudal Age
15:06 Loom
16:13 Double-Bit Axe
19:32 Wheelbarrow
21:42 Castle Age
19:52 Gold Mining
19:52 Stone Mining
19:57 Fishing Lines
21:21 Man-at-Arms
22:00 Long Swordsman
22:41 Squires
22:52 Horse Collar
24:20 Wheelbarrow
24:24 Town Watch
25:02 Scale Mail Armor
26:39 Hand Cart
27:52 Forging
31:00 Iron Casting
30:41 Chain Mail Armor
31:36 Heavy Plow
31:44 Pikeman
37:19 Imperial Age
35:38 Town Patrol
37:26 Capped Ram
37:33 Halberdier
45:55 Conscription
45:38 Anarchy
45:38 Perfusion
45:00 Elite Huskarl
NilRam
13:11 Loom
15:06 Feudal Age
16:46 Loom
19:23 Castle Age
19:53 Scale Barding Armor
19:58 Forging
19:50 Double-Bit Axe
25:28 Husbandry
28:39 Fletching
32:05 Ballistics
31:53 Bodkin Arrow
35:21 Wheelbarrow
34:32 Town Watch
36:08 Horse Collar
43:36 Imperial Age
41:24 Hand Cart
41:47 Padded Archer Armor
43:22 Leather Archer Armor
44:46 Parthian Tactics
44:32 Bracer
46:39 Heavy Cavalry Archer
CNZS_carlar
8:35 Loom
15:02 Feudal Age
20:28 Castle Age
18:32 Fishing Lines
21:29 Medium Warships
21:10 Gillnets
31:36 Imperial Age
29:42 Wheelbarrow
28:53 Town Watch
31:38 Gold Mining
33:13 Ballistics
33:54 Chemistry
32:47 Fletching
32:58 Padded Archer Armor
35:01 Hand Cart
36:46 Thumb Ring
37:00 Bodkin Arrow
37:20 Leather Archer Armor
45:35 Elite Elephant Archer
dusen128371
6:04 Loom
15:25 Feudal Age
15:59 Arson
15:35 Man-at-Arms
16:11 Arson
16:30 Double-Bit Axe
17:53 Long Swordsman
19:17 Scale Mail Armor
20:22 Long Swordsman
25:16 Horse Collar
37:01 Castle Age
38:12 Bow Saw
38:28 Heavy Plow
47:22 Wheelbarrow
47:01 Gold Mining
Connection lost

Rejoining the realm…

Still unreachable

The connection could not be restored.

Session expired

The server has moved on; the page needs a fresh start.